Unix NetHack Version 5.0.0-0 post-release - last build Jun 10 2026 00:39:30 (3ee93aec679c4c4259841fe613dc97188e26a321,branch:main).

Game began 2026-06-16 09:48:51, ended 2026-06-16 09:52:58.

GdeVolpiano, neutral female human Archeologist

                                                                   ----
                                                                ----..|   --
                                                            -----.....---..--
                                                             .............G.|
                                                               -............|
                                                            ----.....dG....0--
                                                            |.......)@.......|
                                                            |........G--.....|
                                                            --........  --...|
                                                             --*.......    0.|
                                                              |....---.     --
                                                              |...-   .
                                                              --.     --
                                                               --

GdeVolpiano the Digger     St:15 Dx:8 Co:10 In:15 Wi:17 Ch:10  Neutral
Dlvl:3  $:108 HP:0(13) Pw:2(2) AC:6  Xp:1 T:856 

Latest messages:
 The jackal bites!
 It bites the jackal.
 The jackal is killed!
 The door resists!
 The door resists!
 The door opens.
 What do you want to use or apply? [ae-jnq or ?*]
 Never mind.
 $ - 5 gold pieces (108 in total).
 Where do you want to travel to?
 (For instructions type a '?')
 You swap places with Indy.
 You kill the jackal!
 Where do you want to travel to?
 (For instructions type a '?')
 You descend the stairs.
 Indy misses the gnome.
 You hit the gnome lord.
 Indy misses the gnome.
 The gnome lord wields a bow!
 The gnome lord hurls a brilliant blue potion!
 The carafe crashes on your head and breaks into shards.
 The brilliant blue potion evaporates.
 It suddenly gets dark.
 It hits!
 You are beginning to feel hungry.
 Wait!  There's something there you can't see!
 You hear some noises.
 It hits!
 You climb up the stairs.
 You can see again.
 What do you want to eat? [dr or ?*]
 This food really hits the spot!
 You finish eating the food ration.
 You descend the stairs.
 Indy misses the gnome.
 The gnome lord swings his bow.
 The gnome lord hits!
 The gnome hits!
 Indy bites the gnome.
 The gnome is killed!
 You hit the gnome lord.
 Indy bites the gnome lord.
 You hit the gnome lord!
 Indy misses the gnome lord.
 The gnome lord swings his bow.
 The gnome lord hits!
 You die...
 Do you want your possessions identified? [ynq] (y)
 Do you want to see your attributes? [ynq] (y)

Inventory:
 Coins    ('$')
  $ - 108 gold pieces
 Weapons  (')')
  a - a blessed +2 bullwhip (alternate weapon; not wielded)
 Armor    ('[')
  c - an uncursed +0 fedora (being worn)
  u - a cursed +0 cloak of protection (being worn)
  b - a blessed +0 leather jacket (being worn)
 Comestibles  ('%')
  r - an uncursed cram ration
  d - 5 uncursed food rations
 Spellbooks  ('+')
  j - an uncursed spellbook of identify
  n - an uncursed spellbook of light
 Potions  ('!')
  p - an uncursed potion of confusion
  o - an uncursed potion of gain energy
  t - an uncursed potion of healing
  k - an uncursed potion of invisibility
  l - a potion of unholy water
 Tools    ('(')
  h - an empty uncursed sack
  q - an uncursed blindfold
  i - an uncursed oil lamp
  e - a +0 pick-axe (weapon in right hand)
  f - a tinning kit (0:49)
 Gems/Stones  ('*')
  g - an uncursed touchstone

GdeVolpiano the Archeologist's attributes:

Background:
 You were a Digger, a level 1 female human Archeologist.
 You were neutral, on a mission for Camaxtli
 who was opposed by Quetzalcoatl (lawful) and Huhetotl (chaotic).
 You were right-handed.
 You were in the Gnomish Mines, on level 3.
 You entered the dungeon 856 turns ago.
 There was a new moon in effect when your adventure ended.
 You had 8 experience points, 12 more were needed to attain level 2.

Basics:
 You had 0 out of 13 hit points.
 You had both energy points (spell power).
 Your armor class was 6.
 Your wallet contained 108 zorkmids.
 Autopickup was on for '$?!/="+' plus thrown, with exceptions.

Final Characteristics:
 Your strength was 15 (limit:18/100).
 Your dexterity was 8 (limit:18).
 Your constitution was 10 (limit:18).
 Your intelligence was 15 (limit:18).
 Your wisdom was 17 (limit:18).
 Your charisma was 10 (limit:18).

Final Status:
 You weren't hungry.
 You were unencumbered.
 You were wielding a pick-axe.
 You had basic skill with pick-axe.

Final Attributes:
 You were fervently aligned.
 You had automatic searching.
 You were protected.
 You were lucky.
 You are dead.

Miscellaneous:
 You didn't encounter any bones levels.
 Total elapsed playing time was 4 minutes and 5 seconds.

Major events:
 Turn
    1: GdeVolpiano the neutral female human Archeologist entered the dungeon
  744: entered the Gnomish Mines
  856: killed by a gnome lord

Spells:
 Name                 Level Category     Fail Retention
 identify               3   divination   100%  76%-100%
 light                  1   divination     8%  76%-100%

Skills:
 Fighting Skills
   bare handed combat [Unskilled]
   two weapon combat  [Unskilled]
   riding             [Unskilled]
 Weapon Skills
   dagger             [Unskilled]
   knife              [Unskilled]
   pick-axe           [Basic]
   short sword        [Unskilled]
   saber              [Unskilled]
   club               [Unskilled]
   quarterstaff       [Unskilled]
   sling              [Unskilled]
   dart               [Unskilled]
   boomerang          [Unskilled]
   whip               [Basic]
   unicorn horn       [Unskilled]
 Spellcasting Skills
   attack spells      [Unskilled]
   healing spells     [Unskilled]
   divination spells  [Unskilled]
   matter spells      [Unskilled]

Voluntary challenges:
 Character rerolling was not enabled.
 You never genocided any monsters.
 You never polymorphed an object.
 You never changed form.
 You used no wishes.
Achievement:
 You entered the Gnomish Mines.

 The Dungeons of Doom: levels 1 to 3
    Level 1:
    Level 2:
       Some fountains, a sink.
       Stairs down to The Gnomish Mines.
    Level 3:
 The Gnomish Mines:
    Level 3: <- You were here.
       Final resting place for
          you, killed by a gnome lord.


Vanquished creatures:
  a gnome
  4 jackals
  a fox
  3 grid bugs
  a lichen
  a kobold zombie
  a newt
12 creatures vanquished.

No species were genocided or became extinct.

Game over:
                       ----------
                      /          \
                     /    REST    \
                    /      IN      \
                   /     PEACE      \
                  /                  \
                  |   GdeVolpiano    |
                  |      108 Au      |
                  |   killed by a    |
                  |    gnome lord    |
                  |                  |
                  |                  |
                  |       2026       |
                 *|     *  *  *      | *
        _________)/\\_//(\/(/\)/\//\/|_)_______

Goodbye GdeVolpiano the Archeologist...

You died in The Gnomish Mines on dungeon level 3 with 230 points,
and 108 pieces of gold, after 856 moves.
You were level 1 with a maximum of 13 hit points when you died.

